 Dungeon Crawl Stone Soup version 0.27-a0-1065-ge809cff456 (webtiles) character file.

Game seed: 14065793873349933

17 strifetoe the Slasher (level 2, 0/23 HPs)
             Began as a Djinni Gladiator on Apr 24, 2021.
             Slain by a goblin
             ... wielding a +0 dagger
             ... led by Robin
              (1 damage)
             ... on level 1 of the Dungeon.
             The game lasted 00:00:56 (876 turns).

strifetoe the Slasher (Djinni Gladiator)             Turns: 876, Time: 00:00:57

Health: 0/23       AC:  4    Str: 13    XL:     2   Next: 62%
Gold:   20         EV: 12    Int:  9    God:
                   SH:  0    Dex: 14

rFire    + + .     SeeInvis .   a - +0 long sword
rCold    x . .     Faith    .   (no shield)
rNeg     . . .     Spirit   .   b - +0 leather armour
rPois    ∞         Reflect  .   c - +0 helmet
rElec    .         Harm     .   (no cloak)
rCorr    .         Rampage  .   (no gloves)
Will     .....                  (boots unavailable)
Stlth    +.........             (no amulet)
HPRegen  0.07/turn              (no ring)
MPRegen  0.00/turn              (no ring)

@: flying
A: fire resistance 2, cold vulnerability 1, float, innate caster, hp casting,
extra vitality 1
a: no special abilities


You were on level 1 of the Dungeon.
You visited 1 branch of the dungeon, and saw 2 of its levels.

You collected 20 gold pieces.

Inventory:

Hand Weapons
 a - a +0 long sword (weapon)
Missiles
 d - 3 throwing nets (quivered)
Armour
 b - a +0 leather armour (worn)
 c - a +0 helmet (worn)
Scrolls
 e - a scroll of enchant weapon {unknown}
 i - a scroll of silence {unknown}
Potions
 f - a potion of might {unknown}
 g - a potion of curing {unknown}
 h - a potion of flight {unknown}
 j - a potion of degeneration {unknown}


   Skills:
 - Level 2.0 Fighting
 + Level 3.5 Long Blades
 - Level 1.5 Throwing
 - Level 3.2 Dodging


You had one spell level left.
You didn't know any spells.
Your spell library was empty.

Dungeon Overview and Level Annotations

Branches:
Dungeon (2/15)

Altars:

Annotations:
D:2 Robin


Innate Abilities, Weirdness & Mutations

You are immune to poison.
Your flesh is very heat resistant. (rF++)
You are vulnerable to cold. (rC-)
You float through the air rather than walking.
You learn spells naturally, not from books.
Your magical power is your life essence.
You have superior vitality. (+4 HP)


Message History

There is a stone staircase leading up here.
The hobgoblin shouts!
The goblin shouts!
A hobgoblin comes into view.
Robin shouts!
The goblin unwields a +0 club.
The goblin wields a +2 hunting sling of flaming.
It bursts into flame!
The goblin shoots a sling bullet.
The sling bullet hits you.
A goblin comes into view. It is wielding a +0 dagger.
The goblin hits you but does no damage.
Found 16 gold pieces.
You barely miss the goblin. The goblin hits you with a +0 club.
The goblin shoots a sling bullet.
The sling bullet barely misses you. The goblin closely misses you.
You riposte.
You hit the goblin but do no damage. The goblin hits you with a +3 dagger.
The goblin hits you with a +0 club.
Unknown command.
You are too injured to fight recklessly!
Unknown command.
The endoplasm closely misses you.
There is a stone staircase leading up here.
Unknown command.
Robin says, "Kneel, worm!"
The goblin hits you with a +3 dagger. The goblin hits you with a +0 club.
The endoplasm freezes you.
You are frozen.
You feel a terrible chill!
* * * LOW HITPOINT WARNING * * *
You fly upwards.
There is a stone staircase leading down here.
Unknown command.
The goblin barely misses you.
You riposte.
You barely miss the goblin. The goblin closely misses you.
There is an open door here.
Okay, then.
You barely miss the goblin. The goblin hits you with a +0 dagger.
* * * LOW HITPOINT WARNING * * *
You completely miss the goblin. The goblin hits you with a +0 dagger.
* * * LOW HITPOINT WARNING * * *
The goblin hits you with a +0 dagger.
You die...

#.......####.# #........
#.......#....# #.....>..
#.......#....#####........
#.......#....#...#.....##'
####.####....J...g........
#......#....#...####.....
####......###..###.## #.....
#.........###J.##...###..(..
#...##.....@gg.##......####.
#...#########..##..(...####.
#.......## #..##......#....
#........# #..##......#....
#........# #..##...##.#....
###.......####..###+###.####'
#............................
#.#..........................
#............................


You could see an endoplasm and 2 goblins.

Vanquished Creatures
  A ball python (D:1)
  A bat (D:1)
  An endoplasm (D:1)
  3 goblins (D:1)
  A hobgoblin (D:1)
  5 kobolds (D:1)
  A quokka (D:1)
  A frilled lizard (D:1)
  A rat (D:1)
15 creatures vanquished.

Notes
Turn   | Place    | Note
-------+----------+-------------------------------------------
     0 | D:1      | strifetoe the Djinni Gladiator began the quest for the Orb.
     0 | D:1      | Reached XP level 1. HP: 18/18 MP: 0/0
   102 | D:1      | Found a faded altar of an unknown god.
   267 | D:1      | Reached XP level 2. HP: 23/23 MP: 0/0
   852 | D:2      | Noticed Robin
   876 | D:1      | HP: 1/23 [goblin/+0 dagger[Robin] (1)]
   876 | D:1      | Slain by a goblin

Illustrated notes

Levels and vault maps discovered:
D:1:      dpeg_arrival_castle, layout_basic, shapermc_ecumenical_altar_venn,
          hex_tiny
D:2:      layout_rooms, basic_altar, uniq_robin, uniq_jessica

Skill      XL: |  1 |
---------------+----+-----
Long Blades    | 3 |  3.5
Fighting       | |  2.0
Throwing       | |  1.5
Dodging        | |  3.2

Action                   || total
-------------------------++-------
Melee: Long sword        ||    34
Armor: Leather armour    ||    15
Dodge: Dodged            ||    26
       Rpst.: Long sword ||     9

Table legend: (Time is in decaauts)
 A = Elapsed time spent in this place.
 B = Non-inter-level travel time spent in this place.
 C = Inter-level travel time spent in this place.
 D = Time resting spent in this place.
 E = Time spent auto-exploring this place.
 F = Levels seen in this place.
 G = Mean time per level.
                   A        B        C        D        E       F      G
               +--------+--------+--------+--------+--------+-----+--------+
         Total |    884 |    869 |     15 |      0 |    736 |   2 |  442.0 |
       Dungeon |    884 |    869 |     15 |      0 |    736 |   2 |  442.0 |
               +--------+--------+--------+--------+--------+-----+--------+

Top non-repeatable levels by time:
     D:1: 877 daAuts
     D:2: 7 daAuts
